 Dungeon Sprint DCSS version 0.18.1-8-gdd0e5ea (webtiles) character file.

1125 Hipnos the Martial Artist (level 8, -2/54 HPs)
             Began as an Octopode Transmuter on May 21, 2016.
             Was a Priest of Sif Muna.
             Slain by a deep troll (6 damage)
             ... in the Dungeon (Sprint I: "Red Sonja").
             The game lasted 00:05:09 (813 turns).

Hipnos the Martial Artist (Octopode Transmuter)      Turns: 813, Time: 00:05:09

Health: -2/54      AC:  1    Str:  9    XL:     8   Next: 35%
Magic:  15/19      EV: 15    Int: 17    God:    Sif Muna [***...]
Gold:   251        SH:  0    Dex: 13    Spells: 5 memorised, 7 levels left

rFire  . . .     SeeInvis .       - Unarmed
rCold  + . .     Gourm    .     (shield currently unavailable)
rNeg   . . .     Faith    .     (helmet restricted)
rPois  .         Spirit   .     (no amulet)
rElec  .         Dismiss  .     n - ring "Nenec" {rC+ MR+}
rCorr  .         Reflect  .     (no ring)
SustAt .         Harm     .     (no ring)
MR     +....     NoTele   +     (no ring)
Stlth  ++........               (no ring)
                                (no ring)
                                (no ring)
                                (no ring)

@: blade tentacles, somewhat resistant to hostile enchantments, unstealthy
A: almost no armour, amphibious, 8 rings, constrict 8, camouflage 1, gelatinous
body 1
a: End Transformation, Channel Energy, Renounce Religion


You were in the Dungeon.
You worshipped Sif Muna.
Sif Muna was most pleased with you.
You were not hungry.
You had blades for tentacles.
You visited 1 branch You collected 702 gold pieces.
You spent 451 gold pieces at shops.

Inventory:

Missiles
 a - 24 arrows
Jewellery
 n - the ring "Nenec" (left scythe-like blade) {rC+ MR+}
   (You bought it in a shop in the Dungeon)

   [ring of protection from cold]

   It protects you from cold.
   It affects your resistance to hostile enchantments.
Wands
 d - a wand of paralysis (2/24)
 k - a wand of slowing (13/48)
 m - a wand of iceblast (4/15)
Scrolls
 i - a scroll of blinking
 l - a scroll of remove curse {unknown}
Potions
 e - a potion of heal wounds
 f - a potion of haste
 g - 2 potions of magic
 h - a potion of berserk rage
 j - 2 potions of curing
Books
 b - a book of Changes

   Spells                             Type                      Level
   a - Beastly Appendage              Transmutation                1
   b - Sticks to Snakes               Transmutation                2
   c - Spider Form                    Transmutation/Poison         3
   d - Ice Form                       Ice/Transmutation            4
   e - Blade Hands                    Transmutation                5


   Skills:
 + Level 4.2 Fighting
 + Level 6.6 Dodging
 + Level 11.3 Unarmed Combat
 + Level 7.9 Spellcasting
 + Level 8.7 Transmutations
 - Level 1.3 Poison Magic


You had 7 spell levels left.
You knew the following spells:

 Your Spells              Type           Power        Failure   Level  Hunger
a - Beastly Appendage     Trmt           #####.       12%         1    None
b - Sticks to Snakes      Trmt           #####...     12%         2    None
c - Spider Form           Trmt/Pois      ###.......   32%         3    #......
d - Ice Form              Ice/Trmt       ###.....     63%         4    ###....
e - Blade Hands           Trmt           #####.....   45%         5    #####..


Dungeon Overview and Level Annotations

Branches:
Dungeon (1/1)

Altars:
Cheibriados
Dithmenos
Elyvilon
Fedhas
Gozag
Kikubaaqudgha
Makhleb
Nemelex Xobeh
Okawaru
Pakellas
Qazlal
Ru
Sif Muna
Trog
Vehumet
Xom
Yredelemnul
Zin
The Shining One
Jiyva

Shops:
D ==


Innate Abilities, Weirdness & Mutations

You cannot wear most types of armour.
You are amphibious.
You can wear up to eight rings at the same time.
You can use your tentacles to constrict eight enemies at once.
Your skin changes colour to match your surroundings (Stealth).
Your rubbery body absorbs attacks (AC +1).


Message History

You continue eating. x2
You finish eating.
That bread ration really hit the spot!
Casting: Ice Form
Confirm with . or Enter, or press ? or * to list all spells.
Your tentacles turn into razor-sharp scythe blades.
You open the door.
A deep troll comes into view.
Found 108 gold pieces.
There is an open door here.
The deep troll shouts!
The deep troll bites you! The deep troll claws you! The deep troll claws you.
You see here 27 gold pieces.
You slash the deep troll! Your slash misses the deep troll.
The deep troll is moderately wounded.
You slice the deep troll!! Your squeeze misses the deep troll.
The deep troll is severely wounded.
The deep troll bites you! The deep troll claws you!!
* * * LOW HITPOINT WARNING * * *
The deep troll claws you.
You die...

#..#####'#####'#__####
#..####..#...#[####
#..#__####..##.#
#..#_.___##'#..+
#⌠⌠#_.∩...'..._#
####_..._##_(#'#
#_____###(#)#
############.####+###
#∩........'...'@T.$$+
###++++####...#######
###.### #.#'#.#
#.....# #.|...#
#######


You could see a deep troll.

Vanquished Creatures
  Sonja (D)
  A slime creature (D)
  Sigmund (D)
  A yak (D)
  An ogre (D)
  A jelly (D)
  Ijyb (D)
  4 ballistomycetes (D)
11 creatures vanquished.

Vanquished Creatures (others)
  3 wasps (D)
  2 giant spores (D)
5 creatures vanquished.

Grand Total: 16 creatures vanquished

Notes
Turn   | Place    | Note
--------------------------------------------------------------
     0 | D        | Hipnos the Octopode Transmuter began the quest for the Orb.
     0 | D        | Reached XP level 1. HP: 13/13 MP: 3/3
     2 | D        | Noticed Ijyb
    10 | D        | Killed Ijyb
    10 | D        | Reached skill level 5 in Unarmed Combat
    10 | D        | Reached XP level 2. HP: 18/18 MP: 2/5
    10 | D        | Reached XP level 3. HP: 23/23 MP: 2/7
    14 | D        | Learned a level 2 spell: Sticks to Snakes
    18 | D        | Learned a level 3 spell: Spider Form
    56 | D        | Noticed an ogre
    68 | D        | Killed an ogre
    68 | D        | Reached skill level 6 in Unarmed Combat
    68 | D        | Reached XP level 4. HP: 28/28 MP: 1/9
    89 | D        | Learned a level 4 spell: Ice Form
   139 | D        | Noticed Sigmund
   146 | D        | Killed Sigmund
   146 | D        | Reached skill level 8 in Unarmed Combat
   146 | D        | Reached skill level 5 in Spellcasting
   146 | D        | Reached skill level 5 in Transmutations
   146 | D        | Reached XP level 5. HP: 34/34 MP: 6/12
   146 | D        | Reached XP level 6. HP: 39/39 MP: 6/13
   194 | D        | Found a deep blue altar of Sif Muna.
   197 | D        | Found a radiant altar of Vehumet.
   201 | D        | Became a worshipper of Sif Muna the Loreminder
   206 | D        | Found Assekys's Jewellery Emporium.
   206 | D        | Found a white marble altar of Elyvilon.
   206 | D        | Found a stormy altar of Qazlal.
   206 | D        | Found a burning altar of Makhleb.
   206 | D        | Found a sacrificial altar of Ru.
   206 | D        | Found an oddly glowing altar of Pakellas.
   206 | D        | Found a basalt altar of Yredelemnul.
   206 | D        | Found a glowing golden altar of the Shining One.
   206 | D        | Found a sparkling altar of Nemelex Xobeh.
   206 | D        | Found a shimmering altar of Xom.
   206 | D        | Found an opulent altar of Gozag.
   206 | D        | Found an ancient bone altar of Kikubaaqudgha.
   206 | D        | Found a glowing silver altar of Zin.
   206 | D        | Noticed a yak
   213 | D        | Killed a yak
   213 | D        | Reached * piety under Sif Muna
   213 | D        | Reached skill level 5 in Dodging
   213 | D        | Reached skill level 9 in Unarmed Combat
   213 | D        | Reached skill level 1 in Poison Magic
   214 | D        | Found an iron altar of Okawaru.
   217 | D        | Found a bloodstained altar of Trog.
   257 | D        | Learned a level 5 spell: Blade Hands
   258 | D        | Found a snail-covered altar of Cheibriados.
   258 | D        | Found a viscous altar of Jiyva.
   258 | D        | Found a shadowy altar of Dithmenos.
   258 | D        | Found a blossoming altar of Fedhas.
   258 | D        | Noticed a slime creature
   264 | D        | Killed a slime creature
   264 | D        | Reached skill level 10 in Unarmed Combat
   264 | D        | Reached XP level 7. HP: 45/46 MP: 10/16
   296 | D        | Noticed Sonja
   297 | D        | Paralysed by Sonja for 3 turns
   302 | D        | Paralysed by Sonja for 5 turns
   317 | D        | Killed Sonja
   317 | D        | Reached ** piety under Sif Muna
   317 | D        | Reached *** piety under Sif Muna
   317 | D        | Reached skill level 11 in Unarmed Combat
   317 | D        | Reached XP level 8. HP: 15/54 MP: 7/19
   599 | D        | Found Aggaysiq's Jewellery Boutique.
   607 | D        | Bought the ring "Nenec" {rC+ MR+} for 451 gold pieces
   809 | D        | Noticed a deep troll
   813 | D        | Slain by a deep troll

Skill      XL: |  1  2  3  4  5  6  7 |
---------------+----------------------+-----
Unarmed Combat | 5 6 8 10 11 | 11.3
Transmutations | 3 4 5 7 8 |  8.7
Dodging        | 3 4 5 6 |  6.6
Spellcasting   | 3 5 6 7 |  7.9
Fighting       | 2 3 4 |  4.2
Poison Magic   | 1 |  1.3

Action                   |  1- 3 |  4- 6 |  7- 9 || total
-------------------------+-------+-------+-------++-------
Melee: Unarmed           |     9 |    16 |    20 ||    45
       Tentacles         |     3 |     1 |       ||     4
       Constrict         |     1 |       |       ||     1
       Kick              |     1 |       |       ||     1
       Punch             |     1 |       |       ||     1
 Cast: Beastly Appendage |     2 |       |       ||     2
       Sticks to Snakes  |     3 |       |       ||     3
       Spider Form       |       |     3 |       ||     3
       Blade Hands       |       |     1 |     1 ||     2
       Ice Form          |       |       |     3 ||     3
  Use: Potion            |       |       |     1 ||     1
 Stab: Sleeping          |     1 |     1 |       ||     2
  Eat: Bread ration      |       |       |     1 ||     1
Armor: Skin              |       |       |     5 ||     5
Dodge: Dodged            |     5 |     9 |    12 ||    26
